 Dungeon Crawl Stone Soup version 0.21.1-1-g345015f (webtiles) character file.

151 tev the Cudgeler (level 5, -10/46 HPs)
             Began as a Minotaur Monk on July 29, 2018.
             Killed from afar by Lilu's ghost (21 damage)
             ... with an orb of energy
             ... on level 3 of the Dungeon.
             The game lasted 00:10:46 (2178 turns).

tev the Cudgeler (Minotaur Monk)                    Turns: 2178, Time: 00:10:46

Health: -10/46     AC:  3    Str: 17    XL:     5   Next: 11%
Magic:  4/4        EV: 13    Int:  7    God:
Gold:   218        SH:  0    Dex: 12    Spells: 4/4 levels left

rFire    . . .     SeeInvis .   g - +0 mace
rCold    . . .     Gourm    .   (no shield)
rNeg     . . .     Faith    .   d - +0 leather armour
rPois    .         Spirit   .   (helmet restricted)
rElec    .         Reflect  .   (no cloak)
rCorr    .         Harm     .   (no gloves)
MR       .....                  (no boots)
Stlth    +.........             (no amulet)
HPRegen  0.15/turn              (no ring)
MPRegen  0.09/turn              (no ring)

@: no status effects
A: retaliatory headbutt, horns 2
a: no special abilities


You were on level 3 of the Dungeon.
You were not hungry.

You visited 1 branch of the dungeon, and saw 3 of its levels.

You collected 218 gold pieces.

Inventory:

Hand Weapons
 g - a +0 mace (weapon)
Armour
 d - a +0 leather armour (worn)
Scrolls
 b - a scroll of enchant weapon {unknown}
 f - a scroll of remove curse {unknown}
 h - 3 scrolls of identify {unknown}
 j - a scroll of teleportation {unknown}
Potions
 a - a potion of might {unknown}
 e - 2 potions of heal wounds {unknown}
 i - 2 potions of haste {unknown}
 k - a potion of degeneration {unknown}
Comestibles
 c - 3 rations


   Skills:
 + Level 4.2 Fighting
 * Level 5.7 Maces & Flails
 + Level 1.5 Armour
 + Level 4.1 Dodging
 - Level 1.5 Stealth


You had 4 spell levels left.
You didn't know any spells.

Dungeon Overview and Level Annotations

Branches:
Dungeon (3/15)

Altars:
Gozag

Annotations:
D:3 Lilu's ghost, amateur DECj


Innate Abilities, Weirdness & Mutations

You reflexively headbutt those who attack you in melee.
You have a pair of horns on your head.


Message History

The quokka closely misses you. Lilu's ghost casts a spell at you.
The magic dart hits you!
You closely miss Lilu's ghost. You headbutt Lilu's ghost.
Lilu's ghost is heavily damaged.
The quokka misses you.
Lilu's ghost hits you but does no damage.
The quokka misses you. You furiously retaliate!
You headbutt the quokka!
You kill the quokka!
A worm comes into view.
The rat bites you.
Lilu's ghost points at you and mumbles some strange words.
The magic dart hits you!
* * * LOW HITPOINT WARNING * * *
Found a stone staircase leading down.
Lilu's ghost gestures at you while chanting.
The orb of energy hits the rat.
The rat dies!
The orb of energy explodes!
The mystic blast hits you!
You die...

......####.# ###
....../...###..
>.....†..#.#.##
......†.......####.#
......##.#.........#
#w### #W####.######
#.##.# #.## #...#
#..# ##.@# ##.#
#.#.# #.# .....# #.#
#.#>#... #.# #.
.....#.# #.# .
.#.#.##.###.# ..
..........# .
####.##..# #.
##.##..#


You could see Lilu's ghost.

Vanquished Creatures
  Jessica (D:2)
  Robin (D:1)
  2 adders (D:2)
  An ooze (D:2)
  4 worms (D:2)
  A leopard gecko (D:1)
  3 giant cockroaches
  12 goblins
  9 hobgoblins
  9 jackals
  5 kobolds
  A quokka (D:3)
  7 bats
  2 frilled lizards
  21 rats
79 creatures vanquished.

Vanquished Creatures (others)
  A rat (D:3)
1 creature vanquished.

Grand Total: 80 creatures vanquished

Notes
Turn   | Place    | Note
-------+----------+-------------------------------------------
     0 | D:1      | tev the Minotaur Monk began the quest for the Orb.
     0 | D:1      | Reached XP level 1. HP: 19/19 MP: 0/0
   138 | D:1      | Reached skill level 4 in Maces & Flails
   166 | D:1      | Reached XP level 2. HP: 27/27 MP: 1/1
   388 | D:1      | Reached XP level 3. HP: 30/33 MP: 2/2
   772 | D:2      | Noticed Robin
  1160 | D:1      | Killed Robin
  1160 | D:1      | Reached skill level 5 in Maces & Flails
  1178 | D:2      | Reached XP level 4. HP: 33/40 MP: 3/3
  1220 | D:2      | Noticed Jessica
  1228 | D:2      | Killed Jessica
  1228 | D:2      | Reached skill level 1 in Armour
  1793 | D:2      | Found an opulent altar of Gozag.
  1907 | D:2      | Reached XP level 5. HP: 42/46 MP: 4/4
  2162 | D:3      | Noticed Lilu's ghost (amateur DECj)
  2178 | D:3      | Killed from afar by Lilu's ghost

Skill      XL: |  1  2  3  4 |
---------------+-------------+-----
Maces & Flails | 4 5 |  5.7
Fighting       | 4 |  4.2
Armour         | 1 |  1.5
Dodging        | 4 |  4.1
Stealth        | |  1.5

Action                   |  1- 3 |  4- 6 || total
-------------------------+-------+-------++-------
Melee: Mace              |    96 |    63 ||   159
       Headbutt          |     8 |    15 ||    23
 Stab: Sleeping          |     9 |       ||     9
  Eat: Chunk             |     1 |       ||     1
       Ration            |       |     1 ||     1
Armor: Robe              |     4 |       ||     4
       Leather armour    |    20 |    12 ||    32
Dodge: Dodged            |    66 |    45 ||   111
